[Event "Early-Titled-Tuesday-Blitz-March-12-2024"]
[Site "Chess.com"]
[Date "2024.03.12"]
[Round "6"]
[White "koncheto"]
[Black "TregubovP"]
[Result "1/2-1/2"]
[WhiteElo "2477"]
[BlackElo "2679"]
[TimeControl "180+1"]
[EndTime "9:06:41 PDT"]
[Termination "Game drawn by repetition"]

1. e4 c5 2. Nf3 e6 3. d4 cxd4 4.
Nxd4 Nf6 5. Nc3 Nc6 6. a3 Be7 7. Be2 O-O 8. O-O d5 9. exd5 exd5 10. Be3 Ne5 11. h3 Nc4 12. Bxc4 dxc4 13. Qe2 Qc7 14. Ndb5 Qa5 15. Qxc4 Be6 16. Qh4 Nd5 17. Qg3 Nxc3 18.
Nxc3 Bf6 19. Rad1 Rad8 20. Bf4 Qf5 21. Bd6 Rfe8 22. Rd2 Bg5 23. f4 Bf6 24. Rfd1 h5 25. Be5 h4 26. Qe3 Rxd2 27. Rxd2 Bd7 28. Qd4 Bxe5 29.
fxe5 Bc6 30. Qxh4 Qxe5 31. Re2 Qc5+ 32. Qf2 Qg5 33. Rxe8+ Bxe8 34. Kh2 Bc6 35. Nd1 Qc1 36. Qe2 g6 37. b3 Qxa3 38. Ne3 Qd6+ 39. Kh1 Qe5 40.
Qf2 Qe4 41. Ng4 Kg7 42. Qf6+ Kf8 43. Qd8+ Kg7 44. Qf6+ Kf8 45. Qh8+ Ke7 46. Qf6+ Ke8 47. Qf2 Kd8 48. Qd2+ Kc7 49. Qa5+ Kc8 50. Qd2 a6 51. Kg1 Kb8 52. Qf2 f5 53. Ne3 f4 54.
Nc4 g5 55. Nd6 Qd5 56. Nc4 Qe4 57. Qd2 Ka7 58. Qf2+ Kb8 1/2-1/2

[Event "Early-Titled-Tuesday-Blitz-March-12-2024"]
[Site "Chess.com"]
[Date "2024.03.12"]
[Round "6"]
[White "Boorchess"]
[Black "Chessmissile07"]
[Result "1-0"]
[WhiteElo "2539"]
[BlackElo "2913"]
[TimeControl "180+1"]
[EndTime "9:06:42 PDT"]
[Termination "Boorchess won by resignation"]

1. d4 a6 2. e4 e6 3. Bd3 d5 4.
exd5 exd5 5. Bf4 Bd6 6. Qf3 Ne7 7. Ne2 O-O 8. O-O Nbc6 9. c3 Be6 10. Nd2 Qd7 11. Bxd6 Qxd6 12. Qg3 Qxg3 13. Nxg3 Rae8 14. Rfe1 g6 15. Re2 Nc8 16. Rae1 Nd6 17. f3 Kg7 18. Kf2 h5 19. h4 Bd7 20. Nb3 Rxe2+ 21. Rxe2 Re8 22.
Rxe8 Nxe8 23. Ne2 Bc8 24. Nf4 Nf6 25. Bc2 b6 26. Nc1 a5 27. Ba4 Ne7 28. Ncd3 Nf5 29. g3 Nd6 30. Ne5 Kf8 31. Bb3 Bb7 32. a4 Ke7 33.
Bc2 c5 34. dxc5 bxc5 35. Nfd3 Ke6 36. c4 dxc4 37. Nxc4 Nxc4 38. Nxc5+ Kd6 39. Nxb7+ Kc7 40. Bb3 Nxb2 41. Nxa5 Nd3+ 42. Ke2 Ne5 43. f4 Neg4 44.
Bxf7 Ne4 45. Bxg6 Nxg3+ 46. Kf3 Nf1 47. Bxh5 Nf6 48. Bg6 Kb6 49. Nc4+ Kc5 50. Ne3 Nd2+ 51. Ke2 Nb3 52. h5 Nd4+ 53. Kd3 Ne6 54. f5 Nf4+ 55.
Kc3 N4xh5 56. Bxh5 Nxh5 57. Ng4 Nf4 58. f6 Nd5+ 59. Kb3 Kd6 60. Kc4 Nb6+ 61. Kb5 Nd5 62. a5 Nc7+ 63. Kb6 Nd5+ 64. Kb7 Nb4 65. a6 Nc6 66. a7 Nxa7 67. Kxa7 Ke6 68. Kb7 Kf7 69. Kc7 Ke6 70. Kd8 Kf7 71. Kd7 Kg6 72. Ke7 Kg5 73. f7 Kxg4 74. f8=Q Kg3 75. Qf5 1-0

[Event "Early-Titled-Tuesday-Blitz-March-12-2024"]
[Site "Chess.com"]
[Date "2024.03.12"]
[Round "6"]
[White "NikitaShnadrygin"]
[Black "Koalaskakistis"]
[Result "0-1"]
[WhiteElo "2666"]
[BlackElo "2534"]
[TimeControl "180+1"]
[EndTime "9:06:49 PDT"]
[Termination "Koalaskakistis won by resignation"]

1. e4 c5 2. Nf3 d6 3. d4 cxd4 4.
Nxd4 Nf6 5. Nc3 a6 6. f3 e5 7.
Nb3 Be6 8. Be3 Nbd7 9. Qd2 h5 10. Nd5 Bxd5 11. exd5 g6 12. Na5 Qc7 13. c4 Bg7 14.
Be2 O-O 15. O-O e4 16. f4 Ng4 17. Bxg4 hxg4 18. Rac1 Nc5 19. Rc2 Nd3 20. b4 f5 21.
Nb3 Rae8 22. Nc1 Nxc1 23. Rfxc1 Qf7 24. c5 g5 25. g3 gxf4 26. gxf4 dxc5 27. Bxc5 e3 28.
Qd3 e2 29. Re1 Re4 30. Bxf8 Bd4+ 31. Kh1 Qxd5 32. Qb3 Qxb3 33. axb3 Kxf8 34. Rcxe2 Rxf4 35. Kg2 Rf3 36. Rf1 Rxb3 37. Rxf5+ Kg7 38. Rg5+ Kf6 39. Rxg4 Be5 40. Rf2+ Ke6 41. Re2 Kf5 42. Rc4 b6 43.
Rce4 Bd6 44. Rd4 Bxb4 45. Rd5+ Kf4 46. Rd8 Bc5 47. Rd7 a5 48. Rf7+ Kg5 49. Rf3 Rb4 50.
Rg3+ Kf5 51. Rf3+ Kg5 52. Kg3 Bd6+ 53. Kg2 a4 54. Kf1 a3 55. Rg2+ Kh4 56. Rf7 Rb1+ 57. Ke2 Rb2+ 58. Kf3 Rxg2 59. Kxg2 b5 60. Rb7 b4 61.
Kf3 a2 0-1

[Event "Early-Titled-Tuesday-Blitz-March-12-2024"]
[Site "Chess.com"]
[Date "2024.03.12"]
[Round "6"]
[White "Pedrada88"]
[Black "Viktor_Poddubnyi"]
[Result "1/2-1/2"]
[WhiteElo "2536"]
[BlackElo "2270"]
[TimeControl "180+1"]
[EndTime "9:06:50 PDT"]
[Termination "Game drawn by repetition"]

1. e4 g6 2. d4 Bg7 3. Nf3 d6 4. h3 Nf6 5. Nc3 c6 6. Be3 O-O 7. a4 Nbd7 8. Be2 e5 9. O-O Qe7 10. dxe5 dxe5 11. Qb1 Nc5 12. Bd3 Nh5 13. b4 Nxd3 14.
cxd3 Nf4 15. Bc5 Qf6 16. Bxf8 Bxf8 17. h4 Bg4 18. Ng5 h6 19. f3 Bd7 20. g3 Nh5 21. g4 Nf4 22. Nxf7 Kxf7 23. Qa2+ Be6 24. Qh2 Bxb4 25.
Nd1 Rd8 26. Rb1 a5 27. Nf2 Nxd3 28. Nxd3 Rxd3 29. Qg3 Qd8 30. Rb2 Qd4+ 31. Qf2 Bc5 32. Rxb7+ Kf8 33. Qxd4 Bxd4+ 34. Kg2 Rd2+ 35. Kh3 h5 36. Rc7 c5 37. Rc6 Ke7 38. Rc7+ Kd6 39. Ra7 hxg4+ 40. fxg4 Rd3+ 41. Kg2 Rd2+ 42. Kf3 Rd3+ 43.
Kg2 c4 44. Ra6+ Ke7 45. Rxa5 c3 46. Ra7+ Bd7 47. Rc7 Kd6 48. Rc4 Rd2+ 49. Kf3 Rd3+ 50. Ke2 Re3+ 51. Kd1 Bxg4+ 52. Kc2 Be2 53. Rf6+ Ke7 54.
Rcc6 Bd3+ 55. Kb3 c2 56. Rfe6+ Kf7 57. Rf6+ Kg7 58. Rxg6+ Kf7 59. Rgf6+ Ke7 60. Rfe6+ Kd7 61. Red6+ Ke7 62. Re6+ Kf7 63. Rf6+ Ke7 64. Rfe6+ 1/2-1/2

[Event "Early-Titled-Tuesday-Blitz-March-12-2024"]
[Site "Chess.com"]
[Date "2024.03.12"]
[Round "6"]
[White "platy3"]
[Black "bascheyaro"]
[Result "1-0"]
[WhiteElo "2948"]
[BlackElo "2782"]
[TimeControl "180+1"]
[EndTime "9:06:53 PDT"]
[Termination "platy3 won by resignation"]

1. e4 e6 2. d4 d5 3. Nc3 Bb4 4. Ne2 Ne7 5. e5 b6 6. a3 Bxc3+ 7. Nxc3 Ba6 8. Bxa6 Nxa6 9. Bg5 h6 10. Bxe7 Qxe7 11.
Qg4 O-O 12. O-O c5 13. Ne2 cxd4 14. Nxd4 Nc5 15. f4 f5 16. Qg6 Qf7 17. Qxf7+ Kxf7 18.
Kf2 Rac8 19. Ke3 a6 20. c3 Ke7 21. h4 Ne4 22. a4 Rc4 23. Ra3 Rfc8 24. Rb3 Rb8 25. Ra1 Kd7 26. Rg1 h5 27. Ra3 Nc5 28. Rga1 Rh8 29. Kf3 Rh6 30. g3 Rg6 31. Rc1 Rxa4 32.
Rxa4 Nxa4 33. Ra1 Nc5 34. b4 Ne4 35. Ne2 Kc6 36. Nd4+ Kb7 37. Ne2 Nd2+ 38. Ke3 Nc4+ 39. Kd3 Rg4 40. Rg1 Na3 41. Nd4 Rg6 42. Nf3 Nb5 43. Ng5 Nc7 44. c4 dxc4+ 45. Kxc4 Kc6 46. Rd1 Nd5 47. Rc1 Kd7 48. Kb3 Rh6 49. Ra1 Nc7 50. Rd1+ Ke7 51. Rd6 b5 52. Rc6 Kd7 53. Rd6+ Ke7 54.
Rb6 Kd7 55. Rb8 Nd5 56. Rg8 Rg6 57. Ra8 Ne3 58. Ra7+ Kc8 59. Rxa6 Nf1 60. Nxe6 Nxg3 61. Ra8+ Kb7 62. Re8 Ne4 63. Ng5 Rc6 64. Re7+ Kc8 65.
Nxe4 Rc3+ 66. Nxc3 1-0

[Event "Early-Titled-Tuesday-Blitz-March-12-2024"]
[Site "Chess.com"]
[Date "2024.03.12"]
[Round "6"]
[White "atbenina64"]
[Black "laziestwin"]
[Result "1-0"]
[WhiteElo "2742"]
[BlackElo "2580"]
[TimeControl "180+1"]
[EndTime "9:06:53 PDT"]
[Termination "atbenina64 won by resignation"]

1. Nf3 Nf6 2. c4 g6 3. Nc3 Bg7 4. e4 c5 5. d4 cxd4 6. Nxd4 Nc6 7.
Be3 Ng4 8. Qxg4 Nxd4 9. Qd1 e5 10. Bd3 d6 11. O-O O-O 12. Rc1 Be6 13. Nd5 Rc8 14.
Qd2 Bxd5 15. cxd5 Qb6 16. Rc3 Rc5 17. Rfc1 Rfc8 18. b4 Rxc3 19. Rxc3 Qd8 20. Qc1 Rxc3 21. Qxc3 h5 22. g3 h4 23. Kg2 Kh7 24. Qc1 Qd7 25. Qd1 Bf6 26. a4 Kg7 27. b5 Qc8 28. Qc1 h3+ 29.
Kg1 Nf3+ 30. Kh1 Qg4 31. Qd1 Nxh2 32. Qxg4 Nxg4 33. Bxa7 Bd8 34. Bf1 b6 35. f3 Nf2+ 36. Kg1 Nd1 37. a5 bxa5 38. b6 Nc3 39. b7 Bc7 40. b8=Q Bxb8 41. Bxb8 f5 42. Bxd6 Kf6 43. exf5 gxf5 44. f4 Nxd5 45. Bxe5+ Kg6 46. Bxh3 a4 47. Bd6 Ne3 48. Kf2 Nc4 49. Bc5 a3 50. Bf1 a2 51.
Bd4 Na3 52. Bd3 Nb1 53. Ke3 Kh5 54. Bxf5 Na3 55. g4+ Kh4 56. Kd3 Nb5 57. Bf6+ Kg3 58. Kc2 Nd6 59. Be6 Kxf4 60. g5 Nf5 61. Bxf5 Kxf5 62.
Kb2 Kg6 63. Kxa2 Kf7 64. Kb3 1-0

[Event "Early-Titled-Tuesday-Blitz-March-12-2024"]
[Site "Chess.com"]
[Date "2024.03.12"]
[Round "6"]
[White "kpio91"]
[Black "Cryptinz"]
[Result "0-1"]
[WhiteElo "2830"]
[BlackElo "2519"]
[TimeControl "180+1"]
[EndTime "9:06:53 PDT"]
[Termination "Cryptinz won on time"]

1. c4 c6 2. b3 d5 3. Bb2 Nf6 4. g3 Bf5 5. Bg2 e6 6. Nf3 Nbd7 7. O-O h6 8. d3 Be7 9. Nbd2 O-O 10. Re1 Bh7 11.
a3 a5 12. Ra2 Ne8 13. Qa1 Bf6 14. d4 a4 15. b4 dxc4 16. Nxc4 Nb6 17. Nce5 Bc2 18.
Bc3 Bb3 19. Rd2 Nd6 20. e4 Ndc4 21. Rde2 Qc7 22. Nd3 Rfd8 23. Nc5 e5 24. dxe5 Be7 25. e6 f6 26. Nd4 Ne5 27. Nf5 Bxc5 28. bxc5 Nbc4 29.
e7 Rd7 30. f4 Nd3 31. Bxf6 Nxe1 32. Rxe1 Re8 33. Bh4 Rexe7 34. Bxe7 Rxe7 35. Nxe7+ Qxe7 36. Qd4 Nxa3 37. e5 Nb5 38. Qe3 Bd5 39. Bxd5+ cxd5 40. e6 a3 41. Qd3 Qxc5+ 42. Kg2 Nc7 43. e7 Ne8 44. Qg6 Qc6 45. f5 a2 46. Qe6+ Qxe6 47.
fxe6 g6 48. Ra1 Kg7 49. Rxa2 Kf6 50. Ra8 Kxe7 51. Kf3 Nd6 52. Rg8 g5 53. Rg6 b5 54.
Rxh6 b4 55. Ke2 b3 56. Kd2 b2 57. Kc2 Nc4 58. h4 gxh4 59. Rxh4 Kxe6 60. Rg4 Ne3+ 0-1

[Event "Early-Titled-Tuesday-Blitz-March-12-2024"]
[Site "Chess.com"]
[Date "2024.03.12"]
[Round "6"]
[White "NelsonLinda"]
[Black "becemix"]
[Result "1/2-1/2"]
[WhiteElo "2617"]
[BlackElo "2465"]
[TimeControl "180+1"]
[EndTime "9:06:53 PDT"]
[Termination "Game drawn by repetition"]

1. Nf3 d5 2. d4 Nf6 3. Bg5 e6 4. Nbd2 Be7 5. Bxf6 Bxf6 6. e4 dxe4 7. Nxe4 Be7 8. Qd2 Bd7 9. O-O-O Bc6 10. Bd3 Bxe4 11. Bxe4 c6 12. h4 Nd7 13. h5 h6 14. Kb1 Qc7 15. c3 O-O-O 16. Qe2 Rhe8 17. Rhe1 Kb8 18. g3 Bf6 19. Nh2 e5 20. d5 cxd5 21. Bxd5 Nb6 22. Bb3 Rxd1+ 23. Rxd1 e4 24. Ng4 Bg5 25. Ne3 Bxe3 26.
Qxe3 Qe5 27. Bxf7 Rf8 28. Bg6 Rf3 29. Qxe4 Qxe4+ 30. Bxe4 Rxf2 31. b3 Re2 32. Bf5 Kc7 33. g4 Kc6 34. c4 Kc5 35. Rc1 Kb4 36. Rc2 Rxc2 37. Kxc2 a5 38. Kb2 a4 39. a3+ Kc5 40. Bd3 Kd4 41. Be2 Nd7 42. bxa4 b6 43. Kb3 Kc5 44. Kc3 Ne5 45. Kb3 Nc6 46. Kc2 Ne5 47.
Kc3 Nc6 48. Bf3 Ne5 49. Be2 Nc6 50. Bd1 Nd4 51. Bb3 Nc6 52. Bd1 Ne5 53. Be2 1/2-1/2

[Event "Early-Titled-Tuesday-Blitz-March-12-2024"]
[Site "Chess.com"]
[Date "2024.03.12"]
[Round "6"]
[White "Oleksandr_Bortnyk"]
[Black "Seochesspie"]
[Result "0-1"]
[WhiteElo "2999"]
[BlackElo "2877"]
[TimeControl "180+1"]
[EndTime "9:06:54 PDT"]
[Termination "Seochesspie won by resignation"]

1. e4 c5 2. c3 Nf6 3. e5 Nd5 4.
Nf3 Nc6 5. Bc4 Nb6 6. Bb3 d5 7. d4 cxd4 8. cxd4 Bg4 9. Be3 e6 10. h3 Bb4+ 11. Nc3 Bh5 12. O-O Bg6 13. Ne2 Na5 14.
Bc2 Bxc2 15. Qxc2 Rc8 16. Qd3 Nac4 17. Bc1 Be7 18. Nf4 O-O 19. h4 Na5 20. Ng5 Bxg5 21. hxg5 Nc6 22. Nh5 Ne7 23. Nf6+ gxf6 24. gxf6 Ng6 25.
Qh3 Kh8 26. g3 Rg8 27. Bh6 Nd7 28. Bg7+ Rxg7 29. fxg7+ Kxg7 30. Rac1 Rxc1 31. Rxc1 Nb8 32.
Qh5 Nc6 33. Kg2 h6 34. f4 Nxd4 35. Rh1 Nf5 36. Qe2 Qb6 37. Re1 Qd4 38. Kh3 h5 39. Rd1 Qxf4 40. gxf4 Nxf4+ 41. Kh2 Nxe2 42. a4 d4 43. a5 a6 44. b4 Kg6 45. Rd2 Nc3 46. Rg2+ Kh7 47. Rc2 Nd5 48. b5 axb5 49.
Rb2 b4 50. Kg2 d3 51. Kf3 h4 52. Ke4 Kg6 53. Kxd3 Kg5 54. Ke4 Kg4 55. Rg2+ Ng3+ 56.
Kd4 h3 57. Rf2 Nf5+ 58. Ke4 Kg3 59. Rf3+ Kg2 60. Rb3 h2 61. Rb2+ Kh3 62. Rb1 Ng3+ 63. Kd4 h1=Q 64. Rxh1+ Nxh1 65. Kc5 b3 0-1

[Event "Early-Titled-Tuesday-Blitz-March-12-2024"]
[Site "Chess.com"]
[Date "2024.03.12"]
[Round "6"]
[White "Boundless_Strike"]
[Black "Barmen_EV"]
[Result "0-1"]
[WhiteElo "2599"]
[BlackElo "2516"]
[TimeControl "180+1"]
[EndTime "9:06:56 PDT"]
[Termination "Barmen_EV won by checkmate"]

1. d4 Nf6 2. f3 d5 3. e4 dxe4 4. Nc3 e3 5. Bxe3 e6 6. Bd3 Be7 7. f4 O-O 8. Nf3 c5 9. Qe2 Nc6 10. O-O-O Qa5 11. dxc5 Nb4 12. a3 Nxd3+ 13. Qxd3 Bxc5 14.
Bxc5 Qxc5 15. Ne5 b6 16. Qf3 Ba6 17. g4 Rac8 18. Rd2 b5 19. g5 Nd5 20. Nxd5 exd5 21. Nd7 Qc4 22. b3 Qc7 23. Nxf8 Rxf8 24. Qxd5 Bb7 25.
Qxb5 Bxh1 26. Qb4 Re8 27. h4 a5 28. Qd4 g6 29. Kb2 Qe7 30. a4 Bc6 31. Qc3 Rc8 32. Qd4 Be8 33. h5 gxh5 34. f5 Qxg5 35. f6 Kh8 36. Rd1 Rc6 37. Rf1 Qc5 38. Qd2 Qe5+ 39. Ka2 h4 40. Re1 Qxf6 41. Rxe8+ Kg7 42. Qe2 h3 43.
Re3 Qg6 44. Qh2 Rxc2+ 45. Ka3 Rxh2 46. b4 axb4+ 47. Kxb4 Qd6+ 48. Kc4 Qc6+ 49. Kb4 Rb2+ 50. Ka3 Rb8 51. Rb3 Rxb3+ 52. Kxb3 h2 53. a5 h1=Q 54. a6 Qhd5+ 55. Kb2 Qcb5+ 56. Ka1 Qd1+ 57. Ka2 Qdb3+ 58. Ka1 Q3a4# 0-1

[Event "Early-Titled-Tuesday-Blitz-March-12-2024"]
[Site "Chess.com"]
[Date "2024.03.12"]
[Round "6"]
[White "bubeliang"]
[Black "ajedrezsinlimites"]
[Result "0-1"]
[WhiteElo "2796"]
[BlackElo "2550"]
[TimeControl "180+1"]
[EndTime "9:06:58 PDT"]
[Termination "ajedrezsinlimites won by checkmate"]

1. d4 Nf6 2. Nc3 e6 3. e4 d5 4. e5 Nfd7 5. f4 c5 6. Nf3 Nc6 7. Be3 a6 8. Ne2 cxd4 9. Nexd4 Bc5 10. c3 Qb6 11. Qd2 Nxd4 12. Bxd4 Nb8 13. Qf2 Bxd4 14. Nxd4 Nc6 15. O-O-O Bd7 16. Bd3 Nxd4 17. Qxd4 Qxd4 18.
cxd4 Ba4 19. b3 Bc6 20. Kb2 f6 21. exf6 gxf6 22. Rde1 Kd7 23. f5 Rhg8 24. g3 exf5 25. Bxf5+ Kc7 26. Re7+ Kb6 27. Rxh7 Rae8 28. Rc1 Re2+ 29.
Rc2 Re1 30. g4 Rd1 31. h4 Rxd4 32. h5 Rd1 33. h6 d4 34. Rg7 Re8 35. Rh2 d3 36.
Bxd3 Rxd3 37. h7 Rdd8 38. Rf7 Rh8 39. Rxf6 Rd7 40. Rfh6 Rg7 41. R2h4 Kc7 42. Kc3 Be4 43. Re6 Bb1 44. Kb2 Bd3 45. Kc3 Bb5 46. Kd4 Rgxh7 47. Rxh7+ Rxh7 48. g5 Rh2 49. a4 Bd7 50. Rf6 Rg2 51.
Rg6 Rg3 52. Kc4 Kd8 53. a5 Kc7 54. b4 Bc6 55. Rg7+ Kd6 56. Rg6+ Ke5 57. Kc5 Kf5 58.
Rxc6 bxc6 59. Kxc6 Rxg5 60. b5 axb5 61. Kxb5 Ke6+ 62. Kb6 Kd7 63. a6 Kc8 64. Ka7 Ra5 65. Kb6 Ra1 66. Ka7 Kc7 67. Ka8 Kb6 68. Kb8 Rxa6 69.
Kc8 Ra7 70. Kd8 Rg7 71. Ke8 Kc6 72. Kf8 Rb7 73. Kg8 Kd6 74. Kf8 Ke6 75. Kg8 Kf6 76.
Kf8 Rb8# 0-1

[Event "Early-Titled-Tuesday-Blitz-March-12-2024"]
[Site "Chess.com"]
[Date "2024.03.12"]
[Round "6"]
[White "QuintilianoR"]
[Black "Zq1"]
[Result "0-1"]
[WhiteElo "2719"]
[BlackElo "2586"]
[TimeControl "180+1"]
[EndTime "9:06:58 PDT"]
[Termination "Zq1 won on time"]

1. c4 e6 2. Nf3 d5 3. g3 Nf6 4.
Bg2 Be7 5. O-O O-O 6. b3 d4 7. e3 c5 8. Ne5 Nbd7 9. Nd3 Rb8 10. f4 b6 11. Bb2 Bb7 12. Bxb7 Rxb7 13. Qf3 Rc7 14.
Na3 dxe3 15. dxe3 a6 16. Rad1 Qa8 17. Qxa8 Rxa8 18. Nf2 Ne8 19. e4 f6 20. f5 exf5 21. exf5 Bd6 22. Ng4 h5 23. Ne3 Be5 24. Nd5 Rb7 25.
Bxe5 Nxe5 26. Nb1 b5 27. Nd2 bxc4 28. Nxc4 Nxc4 29. bxc4 Kf7 30. Nf4 h4 31. gxh4 Raa7 32. Ne6 Rd7 33. Nxc5 Rxd1 34. Rxd1 Rc7 35. Ne6 Rxc4 36.
Rd7+ Kg8 37. h5 Rg4+ 38. Kf2 Rh4 39. Kg3 Rxh5 40. Rd8 Kf7 41. Rxe8 Rxf5 42. Nc7 Rc5 43. Rc8 a5 44. Ne8 Rg5+ 45. Kf4 Rh5 46. Nd6+ Ke6 47. Ne4 Rxh2 48. a4 g5+ 49. Ke3 Rh3+ 50. Kd4 Ra3 51. Nc3 f5 52. Rc5 g4 53. Ke3 Kd6 54. Rc4 Ke5 55.
Kd3 g3 56. Rc5+ Ke6 57. Ke2 Kd6 58. Rc8 Kd7 59. Rc4 Ke6 60. Kf3 Ke5 61. Rc5+ Kd4 62.
Rxa5 Rxc3+ 63. Kg2 f4 64. Ra8 Rc2+ 65. Kf3 Rf2+ 0-1

[Event "Early-Titled-Tuesday-Blitz-March-12-2024"]
[Site "Chess.com"]
[Date "2024.03.12"]
[Round "6"]
[White "JSPrepz"]
[Black "jaskol95"]
[Result "0-1"]
[WhiteElo "2827"]
[BlackElo "2576"]
[TimeControl "180+1"]
[EndTime "9:07:00 PDT"]
[Termination "jaskol95 won on time"]

1. e4 e6 2. d4 d5 3. e5 c5 4. c3 Qb6 5. Nf3 Bd7 6. Bd3 Bb5 7. dxc5 Bxc5 8. b4 Be7 9. a4 Bxd3 10. Qxd3 Nd7 11. Be3 Qc7 12. Bd4 f6 13. exf6 Ngxf6 14. Kf1 e5 15. Nxe5 Nxe5 16. Qf5 Bd6 17. Na3 O-O 18. Nb5 Ne4 19. Nxc7 Rxf5 20. Nxa8 Nc6 21. f3 Nxd4 22. cxd4 Rf8 23. Rc1 Nd2+ 24. Ke2 Nc4 25. b5 Rxa8 26. Kf2 Bb4 27. Rc2 Bd2 28. Rd1 Be3+ 29. Kg3 Re8 30. h4 Re6 31. Rd3 Rg6+ 32. Kh2 Bf4+ 33. Kg1 Re6 34. Kf2 Be3+ 35. Kg3 Rg6+ 36.
Kh2 Bf4+ 37. Kg1 Bg3 38. Re2 a6 39. h5 Rb6 40. Rb3 Bh4 41. Re8+ Kf7 42. Rb8 Bf6 43. Kh2 Bxd4 44. g3 Be5 45. Rc8 axb5 46. axb5 Nd6 47.
Rc7+ Ke6 48. f4 Bf6 49. Re3+ Ne4 50. h6 gxh6 51. Rxh7 Rxb5 52. Rxh6 Kf5 53. Kh3 Nf2+ 54. Kg2 Ng4 55. Rxf6+ Kxf6 56. Re8 d4 57. Kf3 Ne3 58. Rd8 Nf5 59. g4 Rb3+ 60. Kf2 Ne3 61. Rf8+ Ke6 62. f5+ Ke5 63. Re8+ Kf4 64. f6 Rb2+ 65.
Ke1 d3 66. Re4+ Kxe4 0-1

[Event "Early-Titled-Tuesday-Blitz-March-12-2024"]
[Site "Chess.com"]
[Date "2024.03.12"]
[Round "6"]
[White "VladimirKramnik"]
[Black "Flawless_Fighter"]
[Result "0-1"]
[WhiteElo "2987"]
[BlackElo "2852"]
[TimeControl "180+1"]
[EndTime "9:07:02 PDT"]
[Termination "Flawless_Fighter won on time"]

1. e4 c5 2. Nf3 d6 3. d4 cxd4 4. Nxd4 Nf6 5. Nc3 a6 6. g3 e5 7.
Nf3 Be7 8. Nh4 g6 9. Ng2 Be6 10.
Ne3 O-O 11. Bg2 Nbd7 12. a4 Rc8 13. O-O Re8 14. Re1 Bf8 15. h3 h5 16. Bd2 Bh6 17. a5 Kh7 18. Re2 Nc5 19. b4 Ncd7 20. Rc1 b6 21. axb6 Nxb6 22. Ncd5 Nfxd5 23. exd5 Bd7 24. Re1 Ba4 25. Qf3 Qe7 26. Nf5 gxf5 27. Qxf5+ Kg7 28.
Bxh6+ Kxh6 29. Be4 Rh8 30. Ra1 Bd7 31. Qf3 Rcf8 32.
Qe3+ Qg5 33. Qxb6 Bxh3 34. Qxd6+ Kg7 35. Bg2 Bxg2 36. Kxg2 f6 37. Rxa6 Rf7 38. Rh1 h4 39.
Rh3 Qf5 40. Ra1 Qe4+ 41. Kg1 Rh6 42. Qe6 Rg6 43. Rf1 Qf3 44. Rxh4 Rxg3+ 45. fxg3 Qxg3+ 46.
Kh1 Qxh4+ 47. Kg2 Qg5+ 48. Kf3 Qf4+ 49. Ke2 Qe4+ 50. Kd2 Qxb4+ 51. c3 Qb2+ 52. Kd3 Qb5+ 53. c4 Qb3+ 54. Kd2 Qb2+ 55. Ke3 Qd4+ 56. Kf3 Qf4+ 57.
Kg2 Qe4+ 58. Kh2 Qe2+ 59. Kg1 Qe3+ 60. Rf2 Qe1+ 61. Kg2 Qe4+ 62. Kg3 Qxc4 63. Qf5 Qc3+ 64. Rf3 Qd4 65. Kg2 Qd2+ 66. Kg3 Qxd5 0-1

[Event "Early-Titled-Tuesday-Blitz-March-12-2024"]
[Site "Chess.com"]
[Date "2024.03.12"]
[Round "6"]
[White "RobertoJBM"]
[Black "Viktoker"]
[Result "1-0"]
[WhiteElo "2821"]
[BlackElo "2499"]
[TimeControl "180+1"]
[EndTime "9:07:02 PDT"]
[Termination "RobertoJBM won by resignation"]

1. e4 c6 2. d4 d5 3. exd5 cxd5 4.
Bd3 Nc6 5. c3 Qc7 6. Nf3 Bg4 7.
O-O e6 8. Bg5 Bd6 9. h3 Bh5 10.
Nbd2 Nge7 11. Re1 f6 12. Be3 Bf7 13. Rc1 O-O 14. Nf1 Ng6 15. c4 Bb4 16. Re2 Nf4 17.
Bxf4 Qxf4 18. c5 Ba5 19. a3 Bc7 20. Qd2 Rad8 21. Qxf4 Bxf4 22. Rd1 Rfe8 23. b4 a6 24. Ne3 Bh5 25. g4 Bg6 26. Bxg6 hxg6 27. Nc2 Kf7 28.
Kg2 Re7 29. Nfe1 Rde8 30. Nd3 Bc7 31. f4 Na7 32. a4 Nc6 33. Rde1 g5 34. fxg5 fxg5 35.
b5 axb5 36. axb5 Na5 37. Ne5+ Bxe5 38. Rxe5 Kf6 39. Rf1+ Kg6 40. Kg3 Nc4 41. Re2 Ra8 42. Nb4 Ra3+ 43. Rf3 Rxf3+ 44. Kxf3 Rf7+ 45. Kg3 Kf6 46. c6 bxc6 47. Nxc6 Rb7 48. Rxe6+ Kxe6 49. Nd8+ Kd7 50. Nxb7 Kc7 51. Nc5 Kb6 52. Ne6 Kxb5 53. Nxg5 Nd2 54. Nf3 Ne4+ 55. Kf4 Kc4 56. h4 Nf6 57. h5 Ne8 58. g5 Nd6 59. h6 gxh6 60. gxh6 Nf7 61. h7 Nh8 62. Kf5 Kd3 63. Kf6 Ke4 64.
Ne5 Kxd4 65. Ng6 Ke3 66. Nxh8 d4 67. Ng6 d3 68. Ne5 d2 69. Nc4+ Ke2 70. Nxd2 Kxd2 71. h8=Q 1-0

[Event "Early-Titled-Tuesday-Blitz-March-12-2024"]
[Site "Chess.com"]
[Date "2024.03.12"]
[Round "6"]
[White "vi_pranav"]
[Black "snowlord"]
[Result "1-0"]
[WhiteElo "3044"]
[BlackElo "2907"]
[TimeControl "180+1"]
[EndTime "9:07:03 PDT"]
[Termination "vi_pranav won by resignation"]

1. e4 d6 2. d4 Nf6 3. Nc3 g6 4. Nf3 Bg7 5. Be2 O-O 6. O-O a6 7. a4 Nc6 8. d5 Nb4 9. Re1 c6 10. dxc6 Nxc6 11. h3 Bd7 12. Bf1 Rc8 13. Nd5 Nxd5 14.
exd5 Ne5 15. Nxe5 Bxe5 16. c3 e6 17. Be3 Qa5 18. dxe6 Bxe6 19. Bd4 Rfd8 20. Qd2 Bc4 21. Bxc4 Rxc4 22. Qe2 Rcc8 23. Qe3 Re8 24. Qd2 Qd5 25. Red1 Qc4 26. Be3 Re6 27. Qd5 Qc6 28. a5 h5 29. Ra3 Re7 30. Rb3 Qa4 31. Rb4 Qc2 32. Qd3 Qxd3 33. Rxd3 Rc6 34. Kf1 Kf8 35. Ke2 Ke8 36.
Rd5 Kd8 37. Kd3 Kc8 38. f4 Bf6 39. g4 hxg4 40. hxg4 Re8 41. Bb6 Bd8 42. Bxd8 Rxd8 43. Re4 Rc5 44. Rxc5+ dxc5+ 45. Kc4 Rd2 46. b3 Rf2 47. Kxc5 f5 48. gxf5 gxf5 49. Rd4 Kc7 50. b4 Rf3 51. c4 Rf2 52. Kd5 Re2 53. Kc5 Re3 54. b5 axb5 55. cxb5 Rc3+ 56. Kb4 Re3 57. Kc5 Rc3+ 58. Kb4 Re3 59. b6+ Kc6 60. Rc4+ Kd6 61. Rc7 Re4+ 62. Kb5 Rxf4 63. Rxb7 Rf1 64. Rf7 Rb1+ 65.
Ka6 f4 66. Rxf4 1-0

[Event "Early-Titled-Tuesday-Blitz-March-12-2024"]
[Site "Chess.com"]
[Date "2024.03.12"]
[Round "6"]
[White "zajka-molotok"]
[Black "Airquake"]
[Result "1-0"]
[WhiteElo "2531"]
[BlackElo "2643"]
[TimeControl "180+1"]
[EndTime "9:07:05 PDT"]
[Termination "zajka-molotok won on time"]

1. e4 c5 2. Nf3 d6 3. Bb5+ Bd7 4. Bxd7+ Qxd7 5. c4 g5 6. Nxg5 Bg7 7. Qh5 e6 8.
O-O Nc6 9. d3 Nd4 10. Nc3 Nf6 11. Qh4 Rg8 12. Be3 h6 13. Nh3 Nc6 14. Nf4 O-O-O 15. Rab1 Ne5 16. Rfd1 Nfg4 17. Qh3 Bf6 18. b4 b6 19. a4 Nc6 20. Na2 Be5 21. a5 cxb4 22.
axb6 Nxe3 23. fxe3 axb6 24. Nxb4 Kc7 25. Nxc6 Qxc6 26. Qh5 Rg7 27. Rd2 Rdg8 28. Rf2 Bxf4 29. exf4 Qc5 30. Qxc5+ dxc5 31. g3 Ra8 32. Rfb2 Ra6 33.
Kg2 Rg8 34. Kf3 Rd8 35. Ke3 Ra3 36. Rb3 Ra6 37. R1b2 Kc6 38. h4 h5 39. Kf3 Rg8 40. e5 Kc7 41. Rd2 Ra4 42. Rdb2 Ra6 43. Rb1 Kc6 44.
Rg1 Rg4 45. Rg2 Ra1 46. Rgb2 Ra6 47. d4 cxd4 48. Ke4 Kc5 49. Rb5+ Kxc4 50. R2b4+ Kc3 51.
Rxd4 Rxg3 52. Rb1 Kc2 53. Rbb4 Raa3 54. Rdc4+ Kd2 55. Rb2+ Kd1 56. Rd4+ Ke1 57. Rdd2 Ra4+ 58. Rd4 Rxd4+ 59. Kxd4 Rg4 60. Ke4 Rxh4 61. Rxb6 Rg4 62. Rb7 Rg7 63. f5 Rg4+ 64. Kf3 exf5 65. Rxf7 Kd2 66.
Rxf5 Kd3 67. Rxh5 Re4 68. Rf5 Kd4 69. Rf4 Kxe5 70. Rxe4+ 1-0

[Event "Early-Titled-Tuesday-Blitz-March-12-2024"]
[Site "Chess.com"]
[Date "2024.03.12"]
[Round "6"]
[White "mishanick"]
[Black "LiamPutnam2008"]
[Result "1-0"]
[WhiteElo "3100"]
[BlackElo "2896"]
[TimeControl "180+1"]
[EndTime "9:07:09 PDT"]
[Termination "mishanick won by resignation"]

1. d4 Nf6 2. c4 g6 3. Nc3 d5 4. Bf4 Bg7 5. e3 O-O 6. cxd5 Nxd5 7. Nxd5 Qxd5 8. Bxc7 Nc6 9. Nf3 Bf5 10.
Be2 Rac8 11. Bg3 Nb4 12. O-O Nc2 13. Rc1 Qxa2 14. Qd2 Qxb2 15. Rb1 Qa3 16. Rxb7 Be4 17. Rbb1 Rfd8 18. Ng5 Bf5 19. Rb5 h6 20. Ra5 Qc3 21.
Qxc3 Rxc3 22. Nf3 Rd7 23. h4 Nxe3 24. fxe3 Rxe3 25. Kf2 Rb3 26. Be5 Be4 27. Bxg7 Kxg7 28. Rd1 Rc7 29. Rd2 f6 30. Ne1 g5 31. Bf3 Bb1 32.
h5 f5 33. Be2 Be4 34. Bd3 Rcc3 35. Bxe4 fxe4 36. Re2 e3+ 37. Kf3 Kf6 38. Re5 Rc4 39.
Nc2 Rbc3 40. Nxe3 Rxd4 41. Rf5+ Ke6 42. Ra5 Rf4+ 43. Kg3 Kf7 44. Kh2 Rh4+ 45. Kg1 Rc1+ 46. Kf2 Rf4+ 47. Kg3 Rc3 48. Kh2 Rh4+ 49. Kg1 Rc1+ 50.
Nf1 Rf4 51. Rf2 Rxf2 52. Kxf2 Rc2+ 53. Kf3 Rc7 54. Ne3 e6 55. Ng4 Rc3+ 56. Kf2 Rc2+ 57. Kg3 Rc3+ 58. Kh2 Rc7 59. Nxh6+ Kf6 60. Ng4+ Kg7 61.
Kh3 Rc3+ 62. g3 Rc7 63. Ra6 Kf7 64. Nf2 Kf6 65. Ne4+ Kf5 66. Nd6+ Ke5 67. Nb5 Rb7 68.
Nxa7 Kd5 69. Nc6 e5 70. Nd8 Rd7 71. Ne6 e4 72. Nxg5 e3 73. Re6 Rg7 74. Rxe3 Rxg5 75.
g4 Kd4 76. Re1 Kd5 77. Kh4 Rg8 78. h6 Kd6 79. g5 Kd7 80. Kh5 1-0